[Event "Early-Titled-Tuesday-Blitz-January-16-2024"]
[Site "Chess.com"]
[Date "2024.01.16"]
[Round "11"]
[White "marina1994"]
[Black "alekroth65"]
[Result "0-1"]
[WhiteElo "2513"]
[BlackElo "2381"]
[TimeControl "180+1"]
[EndTime "10:09:57 PST"]
[Termination "alekroth65 won by resignation"]

1. e4 d6 2. d4 Nf6 3. Nc3 g6 4. Be3 c6 5. Nf3 Bg7 6. a4 O-O 7. Qd2 Nbd7 8. h4 e5 9. dxe5 Nxe5 10. Nxe5 dxe5 11. Qxd8 Rxd8 12. f3 Be6 13. Be2 Nd7 14. a5 Bf8 15. Kf2 Bc5 16. h5 b5 17. a6 Bxe3+ 18.
Kxe3 Nc5 19. b4 Nd7 20. Nb1 Nb6 21. Nd2 Rd4 22. c3 Rd7 23. Rhc1 Rad8 24. Rc2 Kg7 25.
c4 bxc4 26. Nxc4 Nxc4+ 27. Bxc4 Bxc4 28. Rxc4 Rd3+ 29. Kf2 Rd2+ 30. Kg3 R8d6 31. Ra5 f6 32. Rac5 Ra2 33. Rxc6 Rdd2 34. f4 Rxg2+ 35. Kf3 Rgf2+ 36. Ke3 exf4+ 37. Kd3 Rfd2+ 38. Kc3 f3 39. Rc7+ Kh6 40. hxg6 hxg6 41. e5 fxe5 42. Rf7 Rac2+ 43. Kb3 Rxc4 44.
Kxc4 e4 45. Rxa7 f2 46. Rf7 e3 47. b5 e2 48. Rxf2 e1=Q 49. Rxd2 Qxd2 50. Kc5 Qd8 51. b6 Qc8+ 52. Kb5 g5 53. b7 Qc7 0-1

[Event "Early-Titled-Tuesday-Blitz-January-16-2024"]
[Site "Chess.com"]
[Date "2024.01.16"]
[Round "11"]
[White "SharapovEvgeny"]
[Black "vanyakuba"]
[Result "1-0"]
[WhiteElo "2527"]
[BlackElo "2320"]
[TimeControl "180+1"]
[EndTime "10:09:58 PST"]
[Termination "SharapovEvgeny won by resignation"]

1. e4 d5 2. exd5 Qxd5 3. Nc3 Qa5 4. d4 Nf6 5. Nf3 Bg4 6. h3 Bh5 7. g4 Bg6 8. Ne5 e6 9. Bg2 c6 10. Nxg6 hxg6 11. O-O Bb4 12. Bd2 Qb6 13. a3 Bd6 14. Be3 Qc7 15. Ne4 Nxe4 16. Bxe4 Rxh3 17. Re1 Nd7 18.
Bg2 Rh2 19. c4 O-O-O 20. Qf3 Rh7 21. Qxf7 Rf8 22. Qxe6 Bh2+ 23. Kf1 Bf4 24. d5 Bxe3 25. Qxe3 Nf6 26. dxc6 bxc6 27. g5 Ng4 28. Qe6+ Qd7 29. Qxd7+ Kxd7 30. Rad1+ Kc8 31. Rd2 Rh5 32. Bxc6 Rxg5 33.
Bd7+ Kc7 34. Bxg4 Rxg4 35. Re7+ Kc6 36. Rxg7 Rf6 37. b3 a5 38. Rgd7 a4 39. bxa4 Rxc4 40.
R7d4 Rc1+ 41. Kg2 Rc3 42. R2d3 Rc2 43. Rf3 Rxf3 44. Kxf3 Rc3+ 45. Kg4 Rxa3 46. f4 Ra1 47. Kg5 Rg1+ 48. Kf6 Kc5 49. Re4 Kd5 50. Re5+ Kd6 51. a5 Rg4 52. Re4 Kd5 53. Ra4 g5 54. a6 gxf4 55. a7 1-0

[Event "Early-Titled-Tuesday-Blitz-January-16-2024"]
[Site "Chess.com"]
[Date "2024.01.16"]
[Round "11"]
[White "ChessSwole"]
[Black "maximnovik"]
[Result "0-1"]
[WhiteElo "2675"]
[BlackElo "2534"]
[TimeControl "180+1"]
[EndTime "10:10:00 PST"]
[Termination "maximnovik won by checkmate"]

1. e4 c6 2. d4 d5 3. e5 Bf5 4. h4 Qb6 5. Nc3 h5 6. Bd3 Qxd4 7.
Nge2 Qxe5 8. Bf4 Qf6 9. Bg5 Qe6 10. O-O Bxd3 11. Nf4 Qf5 12. Nxd3 Nf6 13. Re1 e6 14. Re5 Qh7 15. Qf3 Nbd7 16. Re2 Be7 17. Rae1 O-O 18.
Nd1 Rfe8 19. Ne3 Bf8 20. Qh3 Ne4 21. Bf4 Ndf6 22. f3 Nc5 23. Nf2 Ncd7 24. Bg5 Bc5 25. Nd3 Bxe3+ 26. Rxe3 c5 27. Qg3 c4 28. Ne5 Nxe5 29.
Bxf6 Ng6 30. Bc3 Nf8 31. Re5 f6 32. R5e2 Kf7 33. Qc7+ Re7 34. Qc5 b6 35. Qd6 Rae8 36. Bb4 Qf5 37. Qc6 Ng6 38. Bxe7 Rxe7 39. b3 cxb3 40.
axb3 Nxh4 41. Qd6 Ng6 42. c4 Nf4 43. Rd2 Qg5 44. Kf1 dxc4 45. bxc4 h4 46. Re4 e5 47. Qd8 h3 48. gxh3 Qg3 49. Rd7 Qxf3+ 50. Kg1 Qg3+ 51. Kf1 Qxh3+ 52. Ke1 Rxd7 53. Qb8 Qh1+ 54. Kf2 Qh2+ 55. Kf3 Qg2+ 56. Ke3 Qe2# 0-1

[Event "Early-Titled-Tuesday-Blitz-January-16-2024"]
[Site "Chess.com"]
[Date "2024.01.16"]
[Round "11"]
[White "andrzej"]
[Black "jhedigm"]
[Result "1-0"]
[WhiteElo "2384"]
[BlackElo "2559"]
[TimeControl "180+1"]
[EndTime "10:10:00 PST"]
[Termination "andrzej won by resignation"]

1. e4 c5 2. Nf3 g6 3. d4 cxd4 4. Nxd4 Bg7 5. c4 d6 6. Nc3 Nc6 7. Be3 Nf6 8. Be2 O-O 9. O-O Nd7 10. b3 Nc5 11. Rc1 Bd7 12. f3 Re8 13. Qd2 Qa5 14.
Rfd1 Rac8 15. Bf1 a6 16. Qf2 Nxd4 17. Bxd4 Bxd4 18. Qxd4 Ne6 19. Qd2 Bc6 20. Kh1 Qe5 21. Re1 h5 22. Nd5 g5 23. Rcd1 b5 24. Nb4 Bb7 25. Nd3 Qg7 26. cxb5 axb5 27. e5 Red8 28. Qb4 Bc6 29. Rc1 g4 30. f4 h4 31. Rxc6 Rxc6 32.
f5 Nc5 33. Nxc5 Rxc5 34. exd6 exd6 35. Qf4 Re5 36. Rd1 Rde8 37. f6 Qg5 38. Qxg5+ Rxg5 39. Kg1 Re6 40. a4 bxa4 41. bxa4 Rxf6 42. Bb5 g3 43.
hxg3 hxg3 44. Rb1 Rc5 45. a5 Rc2 46. a6 Ra2 47. Rc1 Rff2 48. Bf1 d5 49. Rd1 d4 50. Rd3 Ra1 51. Rxg3+ 1-0

[Event "Early-Titled-Tuesday-Blitz-January-16-2024"]
[Site "Chess.com"]
[Date "2024.01.16"]
[Round "11"]
[White "FranciscodelaF"]
[Black "supereagles1201"]
[Result "0-1"]
[WhiteElo "2238"]
[BlackElo "2358"]
[TimeControl "180+1"]
[EndTime "10:10:00 PST"]
[Termination "supereagles1201 won on time"]

1. d4 d5 2. Nf3 Nf6 3. Bf4 c5 4.
e3 Nc6 5. c3 Qb6 6. Qb3 c4 7. Qc2 Bf5 8. Qc1 e6 9. Nh4 Be7 10.
Nxf5 exf5 11. Be2 O-O 12. Nd2 Rfc8 13. O-O Qd8 14. h3 b5 15. Nf3 a5 16. a3 b4 17.
axb4 axb4 18. cxb4 Nxb4 19. Qc3 Ne4 20. Qc1 Rxa1 21.
Qxa1 Ra8 22. Qc1 Qa5 23. Ne5 Qa4 24. f3 Nf6 25. Qc3 Qc2 26. Re1 Qxc3 27. bxc3 Na2 28. Ra1 Ra3 29. Nc6 Bf8 30. Bg3 Nxc3 31. Rxa3 Nxe2+ 32. Kf2 Bxa3 33. Kxe2 Kf8 34. Kd2 Ne8 35. Kc3 f6 36. Na7 Bd6 37. Be1 Kf7 38. Nb5 Ke6 39.
Kc2 Be7 40. Ba5 h5 41. g3 g5 42. Kd2 Kd7 43. Nc3 Kc6 44. Ke2 Bd6 45. Bd8 Kd7 46.
Ba5 Ke6 47. Kf2 Nc7 48. Bb6 Na6 49. f4 Nb4 50. Ke2 Nd3 51. Ba7 Bb4 52. Nb5 Be1 53. Bb8 Bxg3 54. Nc7+ Kf7 0-1

[Event "Early-Titled-Tuesday-Blitz-January-16-2024"]
[Site "Chess.com"]
[Date "2024.01.16"]
[Round "11"]
[White "GMJustin"]
[Black "FMVolodymyrSakun"]
[Result "1-0"]
[WhiteElo "2344"]
[BlackElo "2525"]
[TimeControl "180+1"]
[EndTime "10:10:04 PST"]
[Termination "GMJustin won by checkmate"]

1. e4 d6 2. d4 Nf6 3. Nc3 g6 4. Nf3 Bg7 5. Bg5 h6 6. Bh4 O-O 7. Be2 Bg4 8. h3 Bxf3 9. Bxf3 Nc6 10.
Ne2 e5 11. O-O g5 12. Bg3 Re8 13. d5 Ne7 14. c4 Rf8 15. Nc3 Nd7 16. Bg4 f5 17.
exf5 Nxf5 18. Bxf5 Rxf5 19. Qg4 Rf7 20. h4 Nf6 21.
Qe2 g4 22. Ne4 Nxe4 23. Qxe4 Qd7 24. f3 gxf3 25. Rxf3 Rxf3 26. Qxf3 Rf8 27. Qe4 Qf5 28. Qxf5 Rxf5 29. Rf1 Rxf1+ 30. Kxf1 Kf7 31. Ke2 Kg6 32. Bf2 Kf5 33. Bxa7 b6 34. Bb8 Bf6 35. Bxc7 Be7 36. Bxb6 Bxh4 37. a4 e4 38. a5 Ke5 39. a6 Kf4 40. a7 Kg3 41. Bf2+ Kxg2 42. Bxh4 h5 43. a8=Q Kh3 44. Qc8+ Kxh4 45. Qf5 Kg3 46. Qxh5 Kf4 47. b3 e3 48. Qh4+ Ke5 49. Kxe3 Kf5 50. b4 Ke5 51. Qg5# 1-0

[Event "Early-Titled-Tuesday-Blitz-January-16-2024"]
[Site "Chess.com"]
[Date "2024.01.16"]
[Round "11"]
[White "Felix-Rose"]
[Black "Bkmzzzzz"]
[Result "1/2-1/2"]
[WhiteElo "2233"]
[BlackElo "2404"]
[TimeControl "180+1"]
[EndTime "10:10:06 PST"]
[Termination "Game drawn by repetition"]

1. e4 d6 2. d4 Nf6 3. Nc3 e5 4. Nf3 Nbd7 5. Bc4 Be7 6. O-O O-O 7. Re1 c6 8. a4 b6 9. b3 a6 10. Bd3 Bb7 11. Ne2 Re8 12. Ng3 Bf8 13. c3 Qc7 14. h3 g6 15. Bc2 d5 16. dxe5 Nxe5 17. Bf4 Bd6 18. Bg5 Nxe4 19. Nxe4 dxe4 20. Bxe4 Nxf3+ 21. Qxf3 Be5 22. Rac1 Rab8 23. Bf6 Bxf6 24. Qxf6 c5 25. Bxb7 Qxb7 26. Rxe8+ Rxe8 27. Rd1 Qc7 28. g3 a5 29. Rd6 Qb7 30. Rd8 Rxd8 31. Qxd8+ Kg7 32. Qd6 h6 33. Qe5+ Kh7 34. Qf6 Kg8 35. c4 Qc7 36. h4 Kh7 37. h5 gxh5 38. Qf5+ Kg7 39. Qxh5 Qd6 40. Qg4+ Kf8 41.
Qf5 Qd1+ 42. Kg2 Qxb3 43. Qc8+ Kg7 44. Qg4+ Kf8 45. Qc8+ Ke7 46. Qc7+ Kf8 47. Qd6+ Kg7 48. Qe5+ Kg6 49. Qe4+ Kg7 50. Qg4+ Kf8 51. Qc8+ 1/2-1/2

[Event "Early-Titled-Tuesday-Blitz-January-16-2024"]
[Site "Chess.com"]
[Date "2024.01.16"]
[Round "11"]
[White "JMCadavid1998"]
[Black "jefferyx"]
[Result "0-1"]
[WhiteElo "2295"]
[BlackElo "2997"]
[TimeControl "180+1"]
[EndTime "10:10:07 PST"]
[Termination "jefferyx won by resignation"]

1. d4 g6 2. e4 Bg7 3. Nf3 d6 4. Be2 Nf6 5. Nbd2 O-O 6. O-O Nbd7 7. c3 e5 8. dxe5 dxe5 9. Qc2 b6 10. a4 a6 11. Re1 Bb7 12. Bf1 Re8 13. Nc4 Nc5 14.
Nfd2 Qe7 15. b4 Ncd7 16. Nb3 Rad8 17. f3 Nb8 18. Be3 h5 19. a5 b5 20. Nb2 h4 21.
Nc5 Bc8 22. Rad1 Nh5 23. Rxd8 Rxd8 24. Rd1 Nc6 25. Rxd8+ Nxd8 26. Qd2 Ne6 27. c4 c6 28.
cxb5 cxb5 29. Nd1 Bf8 30. Nc3 Nhf4 31. Nd5 Nxd5 32. Qxd5 Nd4 33. Nd3 Bg7 34. Nc5 h3 35. Qa8 Qf8 36. Bg5 hxg2 37. Bxg2 Ne6 38. Be7 Qxe7 39. Qxc8+ Kh7 40. Nxe6 fxe6 41. Qxa6 Qxb4 42. Qxe6 Qd4+ 43. Kf1 Bf8 44. Qf7+ Bg7 45. Bh3 Qa1+ 46. Kg2 Qxa5 47. Be6 Qd2+ 48. Kg3 b4 49. h4 Kh6 50. h5 gxh5 51. Bf5 Qg5+ 52. Kf2 h4 53. Qg8 Qf6 54. f4 exf4 55. Qh7+ Kg5 56. Kf3 Qh6 57. Qg8 h3 58.
Qd8+ Qf6 59. Qd1 Qc3+ 60. Kf2 Qg3+ 61. Kf1 Qg2+ 62. Ke1 Bc3+ 0-1

[Event "Early-Titled-Tuesday-Blitz-January-16-2024"]
[Site "Chess.com"]
[Date "2024.01.16"]
[Round "11"]
[White "PavelChernomordik"]
[Black "temiksmozg"]
[Result "0-1"]
[WhiteElo "2438"]
[BlackElo "2617"]
[TimeControl "180+1"]
[EndTime "10:10:08 PST"]
[Termination "temiksmozg won by resignation"]

1. e4 c5 2. Nc3 Nc6 3. Bb5 g6 4. Bxc6 bxc6 5. f4 Bg7 6. Nf3 d6 7. O-O Nh6 8. h3 f5 9. d3 O-O 10. Qe2 Rb8 11. e5 Nf7 12. e6 Nh6 13. Ng5 Ba6 14. Qf3 Qb6 15. Kh2 c4 16. Rd1 cxd3 17. cxd3 Bb7 18. Qg3 c5 19. Qh4 Bc6 20. Rd2 a5 21. Rc2 a4 22. Rb1 Qa5 23. Bd2 Qa8 24. Be3 a3 25. b3 Qa5 26. Bd2 Qc7 27. Qf2 Bf6 28. Kg1 Kg7 29. Be3 Ng8 30. d4 Qa5 31. Rbc1 h6 32. Nf7 c4 33. bxc4 Be8 34. d5 Bxf7 35. exf7 Rxf7 36. Bd4 Bxd4 37. Qxd4+ Nf6 38. Nb5 Kg8 39. Re2 Ne4 40. Nc3 Rb2 41. Rce1 Rxe2 42. Rxe2 Qxc3 43. Rxe4 Qc1+ 44. Kh2 fxe4 45. Qxe4 Qxf4+ 0-1

[Event "Early-Titled-Tuesday-Blitz-January-16-2024"]
[Site "Chess.com"]
[Date "2024.01.16"]
[Round "11"]
[White "CSB7"]
[Black "MikaelyanArman"]
[Result "1-0"]
[WhiteElo "2742"]
[BlackElo "2845"]
[TimeControl "180+1"]
[EndTime "10:10:09 PST"]
[Termination "CSB7 won by resignation"]

1. e4 g6 2. d4 Bg7 3. Nf3 d6 4.
Be2 Bg4 5. Nbd2 Nc6 6. c3 e5 7. dxe5 dxe5 8. Qb3 Nf6 9. Qxb7 Bd7 10. Qb3 O-O 11.
O-O Nh5 12. Nc4 Be6 13. Qa4 Qe8 14. Qc2 h6 15. g3 f5 16. exf5 gxf5 17. Nh4 e4 18.
Ng2 Nf6 19. Nf4 Bf7 20. Be3 Qe7 21. Rad1 Rad8 22. b4 Nd5 23. Bc5 Qg5 24. Nxd5 Bxd5 25. Bxf8 Bxf8 26. Ne3 Bf7 27. Rxd8 Nxd8 28. Bc4 Bxc4 29.
Nxc4 Ne6 30. Rd1 Nf4 31. Kh1 Nh3 32. Ne5 Qh5 33. Qb3+ Kh7 34. Rd7+ Bg7 35. Kg2 Ng5 36. h4 Nf3 37. Nxf3 Qxf3+ 38. Kg1 e3 39. fxe3 Qxg3+ 40. Kf1 f4 41. Qc2+ Kg8 42. Rd8+ Bf8 43. Qf5 Qf3+ 44. Ke1 Qxe3+ 45. Kd1 Qe7 46. Rd2 Bg7 47. Qxf4 Bxc3 48. Qc4+ Kf8 49. Qxc3 Qxh4 50. Qd3 Qh1+ 51. Kc2 Qc6+ 52.
Qc3 Qg6+ 53. Kb2 h5 54. Qxc7 Qf6+ 55. Qc3 Qg6 56. Qc8+ Ke7 57. Rd7+ 1-0

[Event "Early-Titled-Tuesday-Blitz-January-16-2024"]
[Site "Chess.com"]
[Date "2024.01.16"]
[Round "11"]
[White "Grischuk"]
[Black "K_A_S_T_O_R"]
[Result "1-0"]
[WhiteElo "3087"]
[BlackElo "2917"]
[TimeControl "180+1"]
[EndTime "10:10:10 PST"]
[Termination "Grischuk won on time"]

1. d4 Nf6 2. c4 e6 3. Bg5 h6 4.
Bh4 c5 5. d5 Qb6 6. Bxf6 gxf6 7. Qd2 f5 8. Nc3 Bg7 9. e3 d6 10. g3 Nd7 11. Nf3 Ne5 12. Nxe5 Bxe5 13. f4 Bf6 14. Rd1 Ke7 15. Bg2 Bd7 16. O-O Rag8 17. e4 fxe4 18. Bxe4 Bd4+ 19. Kh1 h5 20. Qe2 Kd8 21.
dxe6 fxe6 22. f5 exf5 23. Bxf5 Bc6+ 24. Nd5 Re8 25. Qf3 Qxb2 26. Qf4 Bxd5+ 27. cxd5 Be5 28. Qh4+ Kc7 29. Qa4 Kb8 30. Rb1 Qd2 31. Rxb7+ Kxb7 32. Rb1+ Bb2 33. Qc6+ Kb8 34. Qxd6+ Kb7 35. Qc6+ Kb8 36. Qb5+ Kc7 37. Qxc5+ Kb8 38. Qb5+ Ka8 39. Qc6+ Kb8 40. Qd6+ Ka8 41. Qc6+ Kb8 42. Qb5+ Ka8 43. Be6 Rxe6 44. dxe6 Qc2 45. Qd5+ Kb8 46. Qe5+ Kc8 47. Rxb2 1-0

[Event "Early-Titled-Tuesday-Blitz-January-16-2024"]
[Site "Chess.com"]
[Date "2024.01.16"]
[Round "11"]
[White "PolandHussars"]
[Black "GeorgiosSouleidis"]
[Result "0-1"]
[WhiteElo "2593"]
[BlackElo "2673"]
[TimeControl "180+1"]
[EndTime "10:10:13 PST"]
[Termination "GeorgiosSouleidis won on time"]

1. e4 c5 2. g3 e6 3. Bg2 a6 4. Ne2 b5 5. O-O Bb7 6. d4 cxd4 7. Nxd4 d6 8. Re1 Qc7 9. Nc3 Nf6 10. Nd5 Nxd5 11. exd5 e5 12. f4 Nd7 13. Nc6 Be7 14. f5 Bxc6 15. dxc6 Nf6 16. Bg5 Ng8 17.
Be3 Nf6 18. a4 O-O 19. axb5 axb5 20. Qe2 d5 21. Qxb5 Rab8 22. Qe2 Qxc6 23. c4 Qxc4 24. Qxc4 dxc4 25. Re2 Ng4 26. Kf1 Nxh2+ 27. Ke1 Ng4 28. Bg1 Bb4+ 29. Kd1 Rfd8+ 30. Kc1 c3 31. bxc3 Bxc3 32.
Rb1 Rxb1+ 33. Kxb1 Rd1+ 34. Kc2 Rxg1 35. Kxc3 h5 36.
Kd3 Kh7 37. Ke4 Kh6 38. Kf3 Kg5 39. Ke4 Ra1 40. Bf3 Ra4+ 41. Kd5 Rd4+ 42. Kc5 Kxf5 43. Re1 Kg5 44. Bxg4 Rxg4 45. Rxe5+ f5 46. Re3 h4 47. gxh4+ Rxh4 48. Kd5 Ra4 49. Ke6 Ra6+ 50. Kf7 Rf6+ 51. Kxg7 f4 52. Re1 Ra6 53. Re5+ Kg4 54. Rb5 f3 55.
Ra5 Rxa5 0-1

[Event "Early-Titled-Tuesday-Blitz-January-16-2024"]
[Site "Chess.com"]
[Date "2024.01.16"]
[Round "11"]
[White "Zakaryan_David"]
[Black "Carlitus2004"]
[Result "1-0"]
[WhiteElo "2640"]
[BlackElo "2444"]
[TimeControl "180+1"]
[EndTime "10:10:17 PST"]
[Termination "Zakaryan_David won on time"]

1. e4 Nc6 2. Nc3 e5 3. Nf3 Nf6 4. d4 exd4 5. Nxd4 Bb4 6. Nxc6 bxc6 7. Bd3 O-O 8. O-O d5 9. exd5 Bg4 10. f3 Bh5 11. Bg5 Bxc3 12. bxc3 cxd5 13. Bf5 Bg6 14.
Bxg6 hxg6 15. Qd4 Qd6 16. Bxf6 Qxf6 17. Rfd1 Rfd8 18. Qxf6 gxf6 19. Rd4 Rd6 20. Rad1 Rad8 21. Kf2 Ra6 22. a4 Rc6 23. c4 Re8 24. cxd5 Rxc2+ 25. R1d2 Rc5 26. d6 cxd6 27. Rxd6 Ra5 28. R2d4 Kg7 29.
Rd7 Kf8 30. Rb7 Kg7 31. Rdd7 Rf8 32. Rxa7 Rxa7 33. Rxa7 Rb8 34. Re7 Rb2+ 35. Re2 Rb4 36. Ra2 Rb6 37. a5 Ra6 38. Ke3 Kf8 39. Kd4 Ke7 40.
Kc5 Kd7 41. Kb5 Ra8 42. a6 Kc7 43. a7 Kb7 44. Kc5 Rc8+ 45. Kd6 Ka8 46. Ke7 Rc7+ 47. Kxf6 Rd7 48. g4 Rb7 49. h4 Rc7 50. h5 gxh5 51. gxh5 Rc3 52. f4 Rf3 53. f5 Rh3 54. Kxf7 Rxh5 55. f6 Rh7+ 56. Kg6 Rb7 57. f7 Rb6+ 58. Kg5 Rb5+ 59. Kg4 Rb4+ 60. Kg3 Rb3+ 61. Kg2 1-0

[Event "Early-Titled-Tuesday-Blitz-January-16-2024"]
[Site "Chess.com"]
[Date "2024.01.16"]
[Round "11"]
[White "Kopytkin"]
[Black "anasta10"]
[Result "0-1"]
[WhiteElo "2389"]
[BlackElo "2517"]
[TimeControl "180+1"]
[EndTime "10:10:17 PST"]
[Termination "anasta10 won on time"]

1. d4 Nf6 2. Bg5 Ne4 3. Bf4 d5 4. e3 c5 5. Bd3 cxd4 6. exd4 Nc6 7. c3 g5 8. Be3 h6 9. Nf3 Bg7 10. O-O Bf5 11. c4 dxc4 12. Bxc4 O-O 13. Nc3 Nd6 14. Bb3 Bg4 15. h3 Bxf3 16. Qxf3 Nxd4 17. Bxd4 Bxd4 18.
Rad1 Bxc3 19. bxc3 Qc7 20. Rfe1 Rac8 21. Qh5 Kg7 22.
h4 e6 23. hxg5 Nf5 24. gxh6+ Kh8 25. Qg5 Qxc3 26. Rc1 Qb2 27. Rxc8 Rxc8 28. g4 Rg8 29. Qf4 Rg6 30. Kf1 Nxh6 31. Bd1 Qb5+ 32. Be2 Qg5 33.
Qxg5 Rxg5 34. f3 Rc5 35. Rb1 b6 36. Rb2 Kg7 37. Kf2 Ng8 38. Rd2 Nf6 39. Rd8 Rc2 40. Ke3 Rxa2 41. Bc4 Rc2 42. Bd3 Rc7 43. g5 Nd5+ 44.
Kd4 a5 45. f4 Nxf4 46. Be4 a4 47. g6 Nxg6 48. Bxg6 Kxg6 49. Rb8 Ra7 50. Rxb6 a3 51.
Rb1 a2 52. Ra1 f5 53. Ke5 Ra6 54. Rg1+ Kh5 55. Ra1 Kg4 56. Rg1+ Kf3 57. Rf1+ Ke2 58. Ra1 Kd2 59. Kd4 f4 60. Ke4 Kc2 61. Kxf4 Kb2 0-1

[Event "Early-Titled-Tuesday-Blitz-January-16-2024"]
[Site "Chess.com"]
[Date "2024.01.16"]
[Round "11"]
[White "otrov-11"]
[Black "ValentinDragnev"]
[Result "0-1"]
[WhiteElo "2520"]
[BlackElo "2779"]
[TimeControl "180+1"]
[EndTime "10:10:19 PST"]
[Termination "ValentinDragnev won on time"]

1. d4 Nf6 2. c4 e6 3. g3 d5 4.
Nf3 dxc4 5. Bg2 Bd7 6. Nbd2 Bb4 7.
O-O Bxd2 8. Nxd2 Bc6 9. Bxc6+ Nxc6 10. e3 b5 11. a4 a6 12. Qf3 Nd5 13. Ne4 O-O 14.
Nc5 Ncb4 15. Bd2 Nc6 16. Rfc1 Qd6 17. b3 cxb3 18. Ne4 Qd7 19. Nc5 Qd6 20. Ne4 Qd7 21.
Nc5 Qe7 22. Nxb3 Qd6 23. Nc5 Nce7 24. Qe2 b4 25. a5 Rfb8 26. Qc4 h5 27. e4 b3 28.
Nxb3 Nb4 29. Nc5 Nbc6 30. Bc3 h4 31. Nxa6 Rc8 32. Nb4 Nxa5 33. Qe2 Nb3 34. Rxa8 Rxa8 35. Rd1 h3 36. Qc4 Na5 37. Qf1 c5 38. Nc2 Nac6 39.
Qxh3 Ra2 40. Ne1 cxd4 41. Bd2 Ng6 42. Qf1 Nce5 43. h3 d3 44. Be3 Ra3 45. Kg2 Qc6 46. f3 Nc4 47. Qf2 Nxe3+ 48. Qxe3 Ra2+ 49. Rd2 Rxd2+ 50. Qxd2 Ne5 51. Kf2 Qc5+ 52. Kf1 Qd4 53. Kg2 f5 54. exf5 exf5 55. f4 Qe4+ 56. Kf1 Nf3 0-1

[Event "Early-Titled-Tuesday-Blitz-January-16-2024"]
[Site "Chess.com"]
[Date "2024.01.16"]
[Round "11"]
[White "kritipatel"]
[Black "KnightmareJoker"]
[Result "1-0"]
[WhiteElo "2184"]
[BlackElo "2100"]
[TimeControl "180+1"]
[EndTime "10:10:19 PST"]
[Termination "kritipatel won by checkmate"]

1. e4 e5 2. Nf3 Nc6 3. Bc4 Bc5 4.
c3 Nf6 5. d3 d6 6. Nbd2 Bg4 7.
Bb3 O-O 8. h3 Be6 9. Nf1 Qd7 10.
Ng3 Ne7 11. Nh4 Ng6 12. Nhf5 d5 13. Qf3 dxe4 14. dxe4 Bxb3 15. axb3 Qb5 16. b4 Bb6 17. h4 Rfe8 18. h5 Ne7 19. Bg5 Nxf5 20. Nxf5 Re6 21. Nxg7 Kxg7 22. h6+ Kf8 23. Bxf6 Qc6 24. Bg7+ Kg8 25. O-O Rg6 26. Rad1 Qe6 27. Rd5 c6 28. Rxe5 Qd6 29. Rf5 Qe6 30. Rf6 Qe7 31. e5 Bc7 32. e6 Rxf6 33. Bxf6 Qxe6 34. Rd1 Re8 35. g3 Be5 36.
Bxe5 Qxe5 37. Rd7 Qe6 38. Rxb7 Qg6 39. Rxa7 Rd8 40. Rc7 Re8 41. Rxc6 Qb1+ 42. Kg2 Qe4 43. Qxe4 Rxe4 44. b5 Re8 45. b6 f5 46. b7 f4 47. Rc8 f3+ 48. Kxf3 Kf7 49. b8=Q Re7 50. Rc7 Kf6 51. Rxe7 Kxe7 52. Qc7+ Kf6 53. b4 Kg6 54. b5 Kf6 55. b6 Kg5 56. b7 Kf5 57. b8=Q Ke6 58.
Qb5 Kf6 59. Qcc6+ Kf7 60. Qbb6 Ke7 61. Qbb7+ Kd8 62. Qcc8# 1-0

[Event "Early-Titled-Tuesday-Blitz-January-16-2024"]
[Site "Chess.com"]
[Date "2024.01.16"]
[Round "11"]
[White "lefonghua"]
[Black "Mistango"]
[Result "1/2-1/2"]
[WhiteElo "2640"]
[BlackElo "2502"]
[TimeControl "180+1"]
[EndTime "10:10:21 PST"]
[Termination "Game drawn by repetition"]

1. d4 d6 2. e4 e5 3. Ne2 Nc6 4.
c4 Nf6 5. Nbc3 g6 6. f3 Bg7 7. Be3 O-O 8. Qd2 Nh5 9. d5 Ne7 10. g4 Nf6 11. O-O-O Nd7 12. Kb1 a6 13. Ng3 b5 14.
cxb5 axb5 15. Bxb5 Ba6 16. Ba4 Nc8 17. Bc6 Rb8 18.
h4 Ndb6 19. Qf2 Ne7 20. b3 Nc4 21. Bc1 Nxc6 22. dxc6 Na5 23. Nd5 Nxc6 24. Bb2 Nb4 25. Nxb4 Rxb4 26. Qd2 Rb6 27. Nf1 Qf6 28. Qe3 Qf4 29.
Qxf4 exf4 30. Bxg7 Kxg7 31. Rh2 Rfb8 32. Rc2 c5 33.
Kc1 h5 34. g5 f6 35. gxf6+ Kxf6 36. Nd2 g5 37. hxg5+ Kxg5 38. Rg1+ Kf6 39. Nc4 Bxc4 40. Rxc4 Rb4 41. Rc2 c4 42. Rd2 cxb3 43. axb3 R8b6 44.
Rgd1 Ke6 45. Rh1 Rxb3 46. Rxh5 Rxf3 47. Rf5 Rf1+ 48. Kc2 f3 49. Rd3 f2 50. Rdf3 Re1 51. Rxf2 Rxe4 52. Kd3 Re5 53. Rxe5+ dxe5 54. Ke4 Rb4+ 55.
Ke3 Kd5 56. Ra2 Rb3+ 57. Ke2 e4 58. Ra4 Ke5 59. Ra8 Rb2+ 60. Ke3 Rb3+ 61. Ke2 Rb2+ 62.
Ke3 Rb3+ 63. Ke2 1/2-1/2

[Event "Early-Titled-Tuesday-Blitz-January-16-2024"]
[Site "Chess.com"]
[Date "2024.01.16"]
[Round "11"]
[White "pavet"]
[Black "TigrVShlyape"]
[Result "0-1"]
[WhiteElo "2783"]
[BlackElo "2942"]
[TimeControl "180+1"]
[EndTime "10:10:22 PST"]
[Termination "TigrVShlyape won by resignation"]

1. e4 d5 2. exd5 Qxd5 3. Nc3 Qa5 4.
Nf3 Nf6 5. d4 c6 6. Bc4 Bg4 7.
O-O e6 8. h3 Bh5 9. Re1 Nbd7 10.
Be2 Be7 11. Ne5 Bxe2 12. Qxe2 O-O 13. Nxd7 Nxd7 14. Ne4 Rad8 15. c3 Qf5 16. Ng3 Qg6 17.
Bf4 Nf6 18. Rad1 Nd5 19. Bc1 b5 20. Nf1 a6 21. Ne3 Bd6 22. Ng4 c5 23. dxc5 Bxc5 24. Ne5 Qf5 25. c4 bxc4 26. Nxc4 h6 27. Be3 Bb4 28. Rf1 Nxe3 29. Nxe3 Qe4 30. Rxd8 Rxd8 31. Qxa6 Rd2 32. a3 Be7 33. Qc8+ Kh7 34. Qc4 Qb7 35. b4 Bg5 36. Ng4 Qa7 37. Ne5 Bf6 38.
Nf3 Rb2 39. Qd3+ g6 40. Qe3 Qa8 41. Ne5 Bxe5 42. Qxe5 Qxa3 43. Qf6 Qxb4 44. Rd1 Qf8 45. Rd8 Rb1+ 46. Kh2 Qg7 47. Qe7 h5 48. f4 Rf1 49.
Kg3 Qc3+ 50. Kh2 Rxf4 51. Qf8 Qg7 52. Qe8 Rf2 53. Rd7 Qe5+ 54. Kg1 Qe1+ 55. Kh2 Qe5+ 56. Kg1 Qf4 57. Rd1 Qg3 58. Qc6 Rf5 59. Qb7 h4 60. Rf1 Qe3+ 61. Kh2 Rxf1 62. Qxf7+ Rxf7 0-1

[Event "Early-Titled-Tuesday-Blitz-January-16-2024"]
[Site "Chess.com"]
[Date "2024.01.16"]
[Round "11"]
[White "jinbojinbo"]
[Black "crazy_m_attack"]
[Result "0-1"]
[WhiteElo "2640"]
[BlackElo "2499"]
[TimeControl "180+1"]
[EndTime "10:10:23 PST"]
[Termination "crazy_m_attack won by resignation"]

1. e4 e5 2. Nf3 Nc6 3. Bb5 a6 4. Ba4 Nf6 5. O-O Be7 6. Re1 b5 7. Bb3 O-O 8. c3 d5 9. exd5 Nxd5 10. Nxe5 Nxe5 11. Rxe5 c6 12. d3 Bd6 13. Re1 Bf5 14. Qf3 Qh4 15. g3 Qh3 16. Be3 Bxd3 17. Nd2 Bf5 18.
Bxd5 cxd5 19. Bd4 Rad8 20. Re3 Bg4 21. Qg2 Qxg2+ 22. Kxg2 f5 23. f4 Rfe8 24. Rae1 Rxe3 25. Rxe3 Kf7 26. a3 Re8 27. Kf2 Rxe3 28. Kxe3 g6 29. Nb3 Bd1 30. Na5 Bc2 31. Nb7 Be7 32. Bc5 Bf6 33. Bb4 d4+ 34. cxd4 Ke6 35. Bc3 Kd5 36. Kd2 Bb1 37. Ke3 Bc2 38. h3 Bd1 39. Nc5 a5 40. Nd3 Bc2 41. Ne1 Be4 42. Nd3 Bxd3 43.
Kxd3 a4 44. g4 h5 45. gxf5 gxf5 46. Ke3 Kc4 47. Kd2 Bxd4 48. Kc2 Bxc3 49. bxc3 Kc5 50. Kd3 Kd5 51. Ke3 Kc4 52. Kd2 Kb3 53. Kd3 Kxa3 54. Kd4 Kb2 55. Ke5 a3 56. Kxf5 a2 57. Kg5 a1=Q 58.
f5 Qf1 59. Kxh5 Qxh3+ 0-1

[Event "Early-Titled-Tuesday-Blitz-January-16-2024"]
[Site "Chess.com"]
[Date "2024.01.16"]
[Round "11"]
[White "bubeliang"]
[Black "rasmussvane"]
[Result "1-0"]
[WhiteElo "2788"]
[BlackElo "2978"]
[TimeControl "180+1"]
[EndTime "10:10:25 PST"]
[Termination "bubeliang won by checkmate"]

1. e4 c6 2. d4 d5 3. Nc3 dxe4 4. Nxe4 Nf6 5. Nxf6+ exf6 6. c3 Bd6 7. Bd3 O-O 8. Qc2 Re8+ 9. Ne2 h5 10. O-O h4 11. Bf4 h3 12. Bxd6 Qxd6 13. Rfe1 Be6 14. Ng3 Nd7 15. Bh7+ Kh8 16. Bf5 hxg2 17. Qe4 Nf8 18. Qh4+ Kg8 19. Re4 Ng6 20. Bxg6 fxg6 21. Rae1 Kf7 22. a3 Bd5 23. Rxe8 Rxe8 24. Rxe8 Kxe8 25.
Qg4 f5 26. Qe2+ Qe7 27. f4 g5 28. fxg5 f4 29. Qxe7+ Kxe7 30. Nf5+ Kf7 31. Nd6+ Kg6 32. Nxb7 Kxg5 33. Kf2 Kg4 34. Nc5 Kh3 35. Kg1 Kg4 36. Kf2 g5 37. Nd3 Be4 38. Ne5+ Kh3 39. Kg1 g4 40. c4 f3 41. d5 g3 42. hxg3 Kxg3 43.
Nxf3 Bxf3 44. d6 Bg4 45. b4 Bd7 46. a4 a6 47. b5 cxb5 48. cxb5 axb5 49. a5 Kf4 50. a6 b4 51. a7 Bc6 52. d7 b3 53.
d8=Q b2 54. Qb6 Be4 55. Qxb2 Ke3 56. Qxg2 Bxg2 57. Kxg2 Kd4 58. a8=Q Kc5 59. Qf3 Kb6 60. Kf2 Ka7 61. Ke2 Kb6 62. Qb3+ Ka5 63. Kd3 Ka6 64.
Kc4 Ka7 65. Kc5 Ka8 66. Kc6 Ka7 67. Qb4 Ka8 68. Kd6 Ka7 69. Kc7 Ka8 70. Qb7# 1-0